 Dungeon Sprint DCSS version 0.31-a0-716-gc7603755dd (webtiles) character file.

Game seed: 10415857791889296548

190 rocky1 the Slasher (level 6, -6/50 HPs)
             Began as a Djinni Fighter on Sept 11, 2023.
             Mangled by a shadow (21 damage)
             ... in the Dungeon (Sprint III: "The Ten Rune Challenge").
             The game lasted 00:01:27 (885 turns).

rocky1 the Slasher (Djinni Fighter)                  Turns: 885, Time: 00:01:28

Health: -6/50      AC:  7    Str: 15    XL:     6   Next: 1%
Gold:   25         EV:  9    Int: 10    God:
                   SH:  5    Dex: 14

rFire   + + .        a - +0 long sword
rCold   x . .        c - +0 buckler
rNeg    . . .        b - +0 scale mail
rPois   ∞            (no helmet)
rElec   .            (no cloak)
rCorr   .            (no gloves)
SInv    .            (boots unavailable)
Will    .....        (no amulet) Stlth
                     (no ring)
HPRegen 0.28/turn    (no ring)
MPRegen 0.00/turn

%: no teleportation, infuse magic (-7 HP)
@: flying, hasted, very quick
A: sickness immunity, fire resistance 2, cold vulnerability 1, float, innate
caster, HP casting, extra vitality 1
a: no special abilities


You were in the Dungeon.
You visited 1 branch You collected 25 gold pieces.

Inventory:

Hand Weapons
 a - a +0 long sword (weapon)
Armour
 b - a +0 scale mail (worn)
 c - a +0 buckler (worn)
Scrolls
 i - 4 scrolls of blinking
 j - 3 scrolls of identify {unknown}
 l - 2 scrolls of immolation {unknown}
Potions
 d - 2 potions of might
 e - 2 potions of curing
 f - a potion of heal wounds
 k - 4 potions of mutation
 m - a potion of enlightenment {unknown}


   Skills:
 + Level 5.9 Fighting
 * Level 6.2 Long Blades
 + Level 6.1 Armour
 + Level 1.1 Dodging
 + Level 5.2 Shields
 * Level 1.4 Spellcasting
 * Level 1.4 Conjurations
 * Level 1.4 Hexes
 * Level 1.4 Summonings
 * Level 1.4 Necromancy
 * Level 1.4 Translocations
 * Level 1.4 Transmutations
 * Level 1.4 Fire Magic
 * Level 1.4 Ice Magic
 * Level 1.4 Air Magic
 * Level 1.4 Earth Magic
 * Level 1.4 Poison Magic


You knew the following spells:

 Your Spells              Type           Power      Damage    Failure   Level
a - Foxfire               Conj/Fire      12%        2x1d4     63%         1
b - Jinxbite              Hex            6%         N/A       77%         2
Your spell library was empty.

Dungeon Overview and Level Annotations

Branches:
Dungeon (1/1)

Altars:


Innate Abilities, Weirdness & Mutations

You are immune to sickness and miasma.
You are immune to poison.
Your flesh is very heat resistant. (rF++)
You are vulnerable to cold. (rC-)
You float through the air rather than walking.
You learn spells naturally, not from books.
Your magical power is your life essence.
You have superior vitality. (+4 MHP)


Message History

The shadow is heavily damaged.
You block the shadow's attack.
You hit the shadow.
The shadow is severely damaged.
You hit the shadow.
The shadow is severely damaged.
You block the shadow's attack.
You completely miss the shadow.
The shadow is severely damaged.
The shadow hits you.
You closely miss the shadow.
The shadow is severely damaged.
The shadow slips into darkness.
The shadow flickers and vanishes!
Deactivating autopickup; reactivate with Ctrl-A.
You hit something but do no damage. You hit something but do no damage.
The shadow strikes at you from the darkness!
Reactivating autopickup.
You closely miss the shadow.
The shadow is severely damaged.
The shadow slips into darkness.
The shadow flickers and vanishes!
Deactivating autopickup; reactivate with Ctrl-A.
You barely miss something. You hit something but do no damage.
The shadow strikes at you from the darkness!
* * * LOW HITPOINT WARNING * * *
Reactivating autopickup.
You hit the shadow.
The shadow is severely damaged.
The shadow completely misses you.
You hit the shadow.
The shadow is almost destroyed.
The shadow slips into darkness.
The shadow flickers and vanishes!
Deactivating autopickup; reactivate with Ctrl-A.
You miss something.
The shadow strikes at you from the darkness!
You die...

▓▓▓ ##.# ####..#
#..#..#
#..#..###+#+###+##
##'#..#..........#
###...'.⌠........#
###...#...######@#
##....#.⌠.# #.{.#
#.....#...# #...#
......#+### #...#
#.....# #...+
##....# +...#
▓▓▓▓▓▓ ▓▓▓▓▓


There were no monsters in sight!

Vanquished Creatures
  A water elemental (D)
  A scorpion (D)
  A jelly (D)
  Jessica (D)
  A human (D)
  2 endoplasms (D)
  A rat (D)
8 creatures vanquished.

Notes
Turn   | Place    | Note
-------+----------+-------------------------------------------
     0 | D        | rocky1 the Djinni Fighter began the quest for the Orb.
     0 | D        | Reached XP level 1. HP: 20/20 MP: 0/0
   137 | D        | Noticed Jessica
   140 | D        | Killed Jessica
   141 | D        | Reached XP level 2. HP: 9/26 MP: 0/0
   141 | D        | Reached XP level 3. HP: 11/31 MP: 0/0
   141 | D        | Learned a level 1 spell: Foxfire
   240 | D        | HP: 1/31 [human (5)]
   461 | D        | Noticed a scorpion
   467 | D        | Killed a scorpion
   468 | D        | Reached skill level 5 in Fighting
   468 | D        | Reached skill level 5 in Long Blades
   468 | D        | Reached skill level 5 in Armour
   468 | D        | Reached XP level 4. HP: 28/39 MP: 0/0
   468 | D        | Reached XP level 5. HP: 31/43 MP: 0/0
   468 | D        | Learned a level 2 spell: Jinxbite
   514 | D        | Noticed a water elemental
   517 | D        | Killed a water elemental
   518 | D        | Reached skill level 1 in Dodging
   518 | D        | Reached skill level 5 in Shields
   518 | D        | Reached skill level 1 in Spellcasting
   518 | D        | Reached skill level 1 in Conjurations
   518 | D        | Reached skill level 1 in Hexes
   518 | D        | Reached skill level 1 in Summonings
   518 | D        | Reached skill level 1 in Necromancy
   518 | D        | Reached skill level 1 in Translocations
   518 | D        | Reached skill level 1 in Transmutations
   518 | D        | Reached skill level 1 in Fire Magic
   518 | D        | Reached skill level 1 in Ice Magic
   518 | D        | Reached skill level 1 in Air Magic
   518 | D        | Reached skill level 1 in Earth Magic
   518 | D        | Reached skill level 1 in Poison Magic
   744 | D        | Reached XP level 6. HP: 42/50 MP: 0/0
   861 | D        | Noticed a shadow
   885 | D        | Mangled by a shadow

Illustrated notes

Levels and vault maps discovered:
D:        dungeon_sprint_mu [sprint_mu_entry_cave, sprint_mu_temple_rooms,
          sprint_mu_d1_spiders, sprint_mu_d2_genie, sprint_mu_d3_branching,
          sprint_mu_orc_legion, sprint_mu_elf_gauntlet, sprint_mu_hive_nellie,
          sprint_mu_lair_fedhas, sprint_mu_vaults_butterflies,
          sprint_mu_slime_circle, sprint_mu_swamp_cave, sprint_mu_snake_twists,
          sprint_mu_blade_basic, sprint_mu_crypt_fortress,
          sprint_mu_tomb_spiral, sprint_mu_vestibule_basic,
          sprint_mu_gehenna_hellfire, sprint_mu_dis_giant,
          sprint_mu_tartarus_statrot, sprint_mu_cocytus_islands, sprint_mu_zot1]

Skill      XL: |  1  2  3  4  5 |
---------------+----------------+-----
Long Blades    | 3 5 6 |  6.2
Fighting       | 4 5 |  5.9
Armour         | 4 5 6 |  6.1
Shields        | 4 5 |  5.2
Dodging        | 1 |  1.1
Spellcasting   | 1 |  1.4
Conjurations   | 1 |  1.4
Hexes          | 1 |  1.4
Summonings     | 1 |  1.4
Necromancy     | 1 |  1.4
Translocations | 1 |  1.4
Transmutations | 1 |  1.4
Fire Magic     | 1 |  1.4
Ice Magic      | 1 |  1.4
Air Magic      | 1 |  1.4
Earth Magic    | 1 |  1.4
Poison Magic   | 1 |  1.4

Action                     |  1- 3 |  4- 6 || total
---------------------------+-------+-------++-------
  Melee: Long sword        |    32 |    28 ||    60
    Use: Potion            |       |     2 ||     2
 Armour: Scale mail        |    22 |     9 ||    31
  Dodge: Dodged            |     8 |     4 ||    12
  Block: Buckler           |     2 |     3 ||     5

Table legend: (Time is in decaauts)
 A = Elapsed time spent in this place.
 B = Non-inter-level travel time spent in this place.
 C = Inter-level travel time spent in this place.
 D = Time resting spent in this place.
 E = Time spent auto-exploring this place.
 F = Levels seen in this place.
 G = Mean time per level.
                   A        B        C        D        E       F      G
               +--------+--------+--------+--------+--------+-----+--------+
         Total |    903 |    903 |      0 |    702 |     47 |   1 |  903.0 |
       Dungeon |    903 |    903 |      0 |    702 |     47 |   1 |  903.0 |
               +--------+--------+--------+--------+--------+-----+--------+

Top non-repeatable levels by time:
       D: 903 daAuts
